 Dungeon Crawl Stone Soup version 0.31-a0-263-ge8cad7f256 (console) character file.

Game seed: 6663117525627664688

72 jejorda2 the Chopper (level 4, 0/40 HPs)
             Began as a Draconian Berserker on July 13, 2023.
             Was a Believer of Trog.
             Killed from afar by an orc wizard (5 damage)
             ... with a magic dart
             ... on level 3 of the Dungeon.
             The game lasted 00:02:52 (912 turns).

jejorda2 the Chopper (Draconian Berserker)           Turns: 912, Time: 00:02:55

Health: 0/40       AC:  6    Str: 24    XL:     4   Next: 6%
Magic:  4/4        EV: 12    Int:  9    God:    Trog [**....]
Gold:   69         SH:  0    Dex: 10    Spells: 3/3 levels left

rFire   . . .        s - +0 hand axe
rCold   . . .        (no shield)
rNeg    . . .        (body armour unavailable)
rPois   .            i - +1 hat
rElec   .            (no cloak)
rCorr   +            (no gloves)
SInv    .            (no boots)
Will    +....        (no amulet)
Stlth   +            e - ring "Biomi" {Will+ rCorr Str+2 Int+2}
HPRegen 0.26/turn    (no ring)
MPRegen 0.09/turn

%: no passive effects
@: lethally poisoned (0 -> -3), on berserk cooldown, slowed, very slow
A: AC +5, unfitting armour, cold-blooded
a: Renounce Religion, Berserk, Trog's Hand


You were on level 3 of the Dungeon.
You worshipped Trog.
Trog was pleased with you.
You visited 1 branch of the dungeon, and saw 3 of its levels.

You collected 69 gold pieces.

Inventory:

Hand Weapons
 s - a +0 hand axe (weapon)
Missiles
 a - 14 stones
Armour
 i - a +1 hat (worn)
Jewellery
 e - the ring "Biomi" (left hand) {Will+ rCorr Str+2 Int+2}
   (You found it on level 2 of the Dungeon)

   [ring of willpower]

   Str:       It affects your strength (+2).
   Int:       It affects your intelligence (+2).
   rCorr:     It protects you from acid and corrosion.
   Will:      It increases your willpower.
Scrolls
 b - a scroll of noise {unknown}
 d - 2 scrolls of revelation {unknown}
 f - 2 scrolls of vulnerability {unknown}
 h - 3 scrolls of immolation {unknown}
Potions
 c - a potion of degeneration {unknown}
 g - a potion of experience {unknown}


   Skills:
 + Level 4.1 Fighting
 * Level 4.4 Axes
 - Level 2.6 Dodging


You had 3 spell levels left.
You didn't know any spells.
Your spell library was empty.

Dungeon Overview and Level Annotations

Branches:
Dungeon (3/15)

Altars:


Innate Abilities, Weirdness & Mutations

Your plain brown scales are hard. (AC +5)
You cannot fit into any form of body armour.
You are cold-blooded and may be slowed by cold attacks.


Message History

You barely miss something.
You feel sick. Something hits you but does no damage.
You are more poisoned.
You completely miss something.
You feel sick. Something hits you.
You are more poisoned.
You hear some strange, mumbled words.
A puff of flame appears from out of thin air!
The puff of flame hits something.
You slash something! Trog accepts your kill.
Trog appreciates your killing of a magic user.
Reactivating autopickup.
You feel a bit more experienced.
You feel very sick.
You have reached level 4!
You feel stronger.
You feel very sick. Something hits you.
Deactivating autopickup; reactivate with Ctrl-A.
Items here: ) [.
You closely miss something.
You are no longer berserk.
You are exhausted.
You feel yourself slow down.
You feel very sick. Something hits you.
You miss something.
You feel very sick. Something hits you but does no damage.
You hit something.
You feel very sick.
Something hits you but does no damage. x2
You closely miss something.
You feel very sick. Something hits you.
* * * LOW HITPOINT WARNING * * *
You hear some strange, mumbled words.
A magic dart appears from out of thin air!
The magic dart hits you.
You die...

####.....#.###.#....
.......#.#.#......#
.....#####.#......#
..........>#......#
................>.#
.....#............#
.....#.###......og#
.....#.#.'...###{##
..#......#...# #@#
###......#...# #)#
........(#...# #.#
####.....#...# #.#
#.....#...# #.#
...†.#.#.#...# #.#
.....#.#.<...# #.#
...#.#.##.## #.#
##.#.#.. .. #.#


You could see an orc and a hobgoblin.

Vanquished Creatures
  An orc wizard (D:3)
  An adder (D:2)
  An orc (D:3)
  4 ball pythons
  5 endoplasms
  2 giant cockroaches (D:1)
  2 goblins (D:2)
  8 hobgoblins
  3 jackals (D:1)
  A quokka (D:2)
  4 bats
  3 frilled lizards
  A kobold (D:1)
  8 rats
44 creatures vanquished.

Notes
Turn   | Place    | Note
-------+----------+-------------------------------------------
     0 | D:1      | jejorda2 the Draconian Berserker began the quest for the
                  | Orb.
     0 | D:1      | Reached XP level 1. HP: 19/19 MP: 1/1
    80 | D:1      | Reached XP level 2. HP: 26/26 MP: 2/2
   480 | D:2      | Reached XP level 3. HP: 32/33 MP: 3/3
   540 | D:2      | Reached ** piety under Trog
   695 | D:2      | Identified the ring "Biomi" {Will+ rCorr Str+2 Int+2}
   908 | D:3      | Reached XP level 4. HP: 38/40 MP: 4/4
   912 | D:3      | Killed from afar by an orc wizard

Illustrated notes

Levels and vault maps discovered:
D:1:      sevenhm_arrival_forest_fort_small_4, layout_rooms
D:2:      layout_basic, kennysheep_generic_room_16
D:3:      layout_basic, uniq_terence

Skill      XL: |  1  2  3 |
---------------+----------+-----
Axes           | 4 |  4.4
Fighting       | 4 |  4.1
Dodging        | |  2.6

Action                     |  1- 3 |  4- 6 || total
---------------------------+-------+-------++-------
  Melee: Hand axe          |    90 |     4 ||    94
         Tailslap          |     8 |       ||     8
 Invoke: Berserk           |     2 |       ||     2
   Stab: Sleeping          |     1 |       ||     1
 Armour: Skin              |    23 |     3 ||    26
  Dodge: Dodged            |    54 |       ||    54

Table legend: (Time is in decaauts)
 A = Elapsed time spent in this place.
 B = Non-inter-level travel time spent in this place.
 C = Inter-level travel time spent in this place.
 D = Time resting spent in this place.
 E = Time spent auto-exploring this place.
 F = Levels seen in this place.
 G = Mean time per level.
                   A        B        C        D        E       F      G
               +--------+--------+--------+--------+--------+-----+--------+
         Total |    926 |    884 |     42 |     51 |    578 |   3 |  308.7 |
       Dungeon |    926 |    884 |     42 |     51 |    578 |   3 |  308.7 |
               +--------+--------+--------+--------+--------+-----+--------+

Top non-repeatable levels by time:
     D:1: 448 daAuts
     D:2: 396 daAuts
     D:3: 81 daAuts
